 Dungeon Sprint DCSS version 0.27.1-1-g398f81649c (webtiles) character file.

Game seed: 5515096572678038127

758 ugugthedestroyer the Blocker (level 7, -11/51 HPs)
             Began as a Gargoyle Fighter on Sept 7, 2021.
             Mangled by a merfolk siren (13 damage)
             ... in the Dungeon (Sprint II: "The Violet Keep of Menkaure").
             The game lasted 00:00:52 (105 turns).

ugugthedestroyer the Blocker (Gargoyle Fighter)      Turns: 105, Time: 00:00:53

Health: -11/51     AC: 13    Str: 22    XL:     7   Next: 80%
Magic:  5/5        EV:  9    Int:  8    God:
Gold:   729        SH: 12    Dex:  9    Spells: 6/6 levels left

rFire    + . .     SeeInvis .   a - +0 flail
rCold    . . .     Faith    .   c - +0 kite shield
rNeg     + . .     Spirit   .   b - +0 scale mail
rPois    ∞         Reflect  .   (no helmet)
rElec    +         Harm     .   (no cloak)
rCorr    .         Rampage  .   (no gloves)
Will     .....     NoTele   +   (no boots)
Stlth    ..........             (no amulet)
HPRegen  0.00/turn              (no ring)
MPRegen  0.09/turn              (no ring)

@: unable to read, mesmerised, inhibited regen
A: sickness immunity, AC +4, negative energy resistance 1, electricity
resistance, torment resistance 1, petrification resistance, fire resistance 1,
low mp 2, screaming 1, inhibited regeneration, inability to read while
threatened
a: no special abilities


You were in the Dungeon.
You visited 1 branch You collected 729 gold pieces.

Inventory:

Hand Weapons
 a - a +0 flail (weapon)
Armour
 b - a +0 scale mail (worn)
 c - a +0 kite shield (worn)
Scrolls
 j - a scroll of blinking
Potions
 e - a potion of curing
 h - 2 potions of magic
 i - a potion of berserk rage


   Skills:
 + Level 9.4 Fighting
 + Level 8.9 Maces & Flails
 + Level 9.1 Armour
 + Level 1.0 Dodging
 + Level 10.0 Shields


You had 6 spell levels left.
You didn't know any spells.
Your spell library was empty.

Dungeon Overview and Level Annotations

Branches:
Dungeon (1/1)

Altars:


Innate Abilities, Weirdness & Mutations

You are immune to sickness and miasma.
Your stone body is resilient. (AC +4)
You are immune to poison.
You resist negative energy. (rN+)
You are resistant to electric shocks. (rElec)
You are resistant to unholy torment.
You are immune to petrification.
Your flesh is heat resistant. (rF+)
Your magical capacity is very low. (-20% MP)
You occasionally shout uncontrollably at your foes.
You do not regenerate when monsters are visible.
You sometimes lose the ability to read scrolls when taking damage.


Message History

You kill the scorpion!
Your Shields skill increases to level 10!
You now have 729 gold pieces (gained 243).
You see here a scorpion corpse.
There is an open door here.
There is a staircase leading out of the dungeon here.
You open the door.
A merfolk siren comes into view. It is wielding a +0 trident.
The merfolk siren shouts!
The merfolk siren chants a haunting song.
You are mesmerised by the merfolk siren!
The merfolk siren chants its luring song.
There is an open door here.
The merfolk siren chants its luring song.
Found 243 gold pieces.
The merfolk siren chants its luring song.
You closely miss the merfolk siren.
The merfolk siren chants its luring song.
You hit the merfolk siren.
The merfolk siren is lightly wounded.
The merfolk siren chants its luring song.
You hit the merfolk siren.
The merfolk siren is moderately wounded.
The merfolk siren chants its luring song.
You hit the merfolk siren.
The merfolk siren is moderately wounded.
The merfolk siren chants its luring song.
You hit the merfolk siren.
The merfolk siren is heavily wounded.
The merfolk siren hits you with a +0 trident.
You feel threatened and lose the ability to read scrolls!
* * * LOW HITPOINT WARNING * * *
You hit the merfolk siren.
The merfolk siren is heavily wounded.
The merfolk siren chants its luring song.
You barely miss the merfolk siren.
The merfolk siren is heavily wounded.
You block the merfolk siren's attack.
The merfolk siren hits you with a +0 trident!
You die...

##.# #..##
## #††# ##
#.###'# .##
#.##.###..#
#.'.<.'†#
#..##.###..#
#.###'## .##
## #..@# ##
#..#m.#
##.$.##
##+##


You could see a merfolk siren (mesmerising).

Vanquished Creatures
  4 neqoxecs (D)
  4 scorpions (D)
  2 worms (D)
10 creatures vanquished.

Vanquished Creatures (others)
  Menkaure (D)
1 creature vanquished.

Grand Total: 11 creatures vanquished

Notes
Turn   | Place    | Note
-------+----------+-------------------------------------------
     0 | D        | ugugthedestroyer the Gargoyle Fighter began the quest for
                  | the Orb.
     0 | D        | Reached XP level 1. HP: 14/14 MP: 1/1
     1 | D        | Noticed a neqoxec
     1 | D        | Noticed a neqoxec
     1 | D        | Noticed a neqoxec
     1 | D        | Noticed a neqoxec
     6 | D        | Gained mutation: Your flesh is heat resistant. (rF+) [a
                  | neqoxec]
    12 | D        | Gained mutation: You occasionally shout uncontrollably at
                  | your foes. [a neqoxec]
    17 | D        | Killed a neqoxec
    18 | D        | Reached skill level 6 in Shields
    18 | D        | Reached XP level 2. HP: 6/23 MP: 2/2
    18 | D        | Reached XP level 3. HP: 7/28 MP: 3/3
    18 | D        | Reached XP level 4. HP: 8/32 MP: 4/4
    18 | D        | Reached XP level 5. HP: 9/37 MP: 5/5
    18 | D        | Gained mutation: You sometimes lose the ability to read
                  | scrolls when taking damage. [a neqoxec]
    22 | D        | Gained mutation: Your magical capacity is low. (-10% MP) [a
                  | neqoxec]
    26 | D        | Gained mutation: You do not regenerate when monsters are
                  | visible. [a neqoxec]
    28 | D        | Killed a neqoxec
    28 | D        | Gained mutation: Your magical capacity is very low. (-20%
                  | MP) [a neqoxec]
    29 | D        | Reached skill level 8 in Shields
    29 | D        | Reached XP level 6. HP: 25/44 MP: 4/4
    30 | D        | Killed a neqoxec
    31 | D        | Reached skill level 9 in Shields
    44 | D        | Killed a neqoxec
    45 | D        | Reached XP level 7. HP: 6/50 MP: 5/5
    52 | D        | Killed Menkaure
    86 | D        | Reached skill level 1 in Dodging
    89 | D        | Reached skill level 10 in Shields
    95 | D        | Noticed a merfolk siren
   103 | D        | HP: 2/51 [merfolk siren (4)]
   105 | D        | Mangled by a merfolk siren

Illustrated notes

Levels and vault maps discovered:
D:        the_violet_keep_of_menkaure [sprint2_stairs_cluster_1,
          sprint2_shoproom, sprint2_temple, sprint2_basic_supplies,
          sprint2_obstacle_7, sprint2_obstacle_1, sprint2_obstacle_5,
          sprint2_obstacle_4, sprint2_obstacle_3, sprint2_timed_cluster_1,
          sprint2_smallroom_cluster_1, sprint2_smallroom_final_cluster_1,
          sprint2_transparent_cluster_1, sprint2_second_timed_cluster_1,
          sprint2_sniper_area_1, sprint2_heavy_combat_area_1,
          sprint2_mutation_trap_area_1, sprint2_forest_area_1,
          sprint2_light_combat_area_1, sprint2_behind_water_1,
          sprint2_near_end_vault_1]

Skill      XL: |  1  2  3  4  5  6  7 |
---------------+----------------------+-----
Fighting       | 6 7 8 9 |  9.4
Maces & Flails | 4 6 7 8 |  8.9
Armour         | 6 7 8 9 |  9.1
Shields        | 6 8 9 10 | 10.0
Dodging        | 1 |  1.0

Action                   |  1- 3 |  4- 6 |  7- 9 || total
-------------------------+-------+-------+-------++-------
Melee: Flail             |    14 |    26 |    26 ||    66
  Use: Potion            |     2 |     1 |       ||     3
Armor: Scale mail        |     2 |     2 |     4 ||     8
Dodge: Dodged            |     2 |       |     5 ||     7
Block: Kite shield       |     6 |     7 |    10 ||    23
